 Dungeon Crawl Stone Soup version 0.24.0-123-gd5b16e6ec5 (webtiles) character file.

Game seed: 236079215852426901, levelgen mode: deterministic

50 DavidChitty2 the Conjurer (level 3, -12/28 HPs)
             Began as a Draconian Conjurer on Dec 16, 2019.
             Killed by divine providence
             ... invoked by an orc priest
              (13 damage)
             ... on level 2 of the Dungeon.
             The game lasted 00:03:32 (1807 turns).

DavidChitty2 the Conjurer (Draconian Conjurer)      Turns: 1807, Time: 00:03:32

Health: -12/28     AC:  5    Str: 10    XL:     3   Next: 55%
Magic:  0/6        EV: 12    Int: 16    God:
Gold:   45         SH:  0    Dex: 11    Spells: 3/6 levels left

rFire    . . .     SeeInvis .   a - +0 dagger
rCold    . . .     Gourm    .   (no shield)
rNeg     . . .     Faith    .   (armour unavailable)
rPois    .         Spirit   .   (helmet restricted)
rElec    .         Reflect  .   (no cloak)
rCorr    .         Harm     .   (no gloves)
MR       .....                  (no boots)
Stlth    ++........             (no amulet)
HPRegen  0.09/turn              (no ring)
MPRegen  0.10/turn              (no ring)

@: no status effects
A: unfitting armour, cold-blooded, AC +5
a: no special abilities


You were on level 2 of the Dungeon.
You were hungry.

You visited 1 branch of the dungeon, and saw 2 of its levels.

You collected 45 gold pieces.

Inventory:

Hand Weapons
 a - a +0 dagger (weapon)
   (You took it off a goblin on level 1 of the Dungeon)
 k - a +3 falchion
   (You found it on level 2 of the Dungeon)
Missiles
 c - 109 stones (quivered)
Jewellery
 h - a +1 ring of protection {unknown}
   (You found it on level 1 of the Dungeon)
Scrolls
 b - 3 scrolls of teleportation {unknown}
 d - 3 scrolls of identify {unknown}
 g - a scroll of enchant weapon {unknown}
 i - a scroll of noise {unknown}
 j - a scroll of fear {unknown}
Potions
 f - a potion of might {unknown}
Comestibles
 e - 5 rations {!d}
 m - 4 chunks of flesh


   Skills:
 + Level 1.5 Fighting
 - Level 1.7 Dodging
 - Level 1.7 Stealth
 + Level 2.4 Spellcasting
 * Level 4.7 Conjurations


You had 3 spell levels left.
You knew the following spells:

 Your Spells              Type           Power        Failure   Level  Hunger
a - Magic Dart            Conj           ###.         2%          1    #......
s - Searing Ray           Conj           ###...       4%          2    ###....

Your spell library contained the following spells:

 Spells                   Type           Power        Failure   Level  Hunger
 Dazzling Spray           Conj/Hex       #.....       22%         3    ###....
 Iskenderun's Mystic Bla  Conj           ###.....     28%         4    #####..
 Force Lance              Conj/Tloc      #.......     58%         4    #####..
 Fulminant Prism          Conj/Hex       #.........   58%         4    #####..


Dungeon Overview and Level Annotations

Branches:
Dungeon (2/15)

Altars:


Innate Abilities, Weirdness & Mutations

Your plain brown scales are hard. (AC +5)
You cannot fit into any form of body armour.
You are cold-blooded and may be slowed by cold attacks.


Message History

Okay, then.
The orc wizard casts a spell.
The orc wizard seems to speed up.
You hear a shout!
The orc wizard begins to cast a cantrip, but forgets the words!
The orc wizard points at you and mumbles some strange words.
The puff of flame misses you.
The orc priest calls upon Beogh to heal the orc wizard.
The orc wizard's wounds heal themselves!
A jackal comes into view.
The orc wizard hits you but does no damage.
Aim: an orc wizard, wielding a +0 dagger and wearing a +0 robe (fast)
The searing ray hits the orc wizard. (Press . to maintain the ray.)
The jackal barks!
You hear a shout!
The orc wizard closely misses you.
The orc wizard hits you with a +0 dagger.
* * * LOW HITPOINT WARNING * * *
The jackal barks!
The searing ray misses the orc wizard.
The orc wizard hits you but does no damage.
The jackal closely misses you.
You hit the orc wizard.
The orc wizard points at you and mumbles some strange words.
The puff of frost misses you.
The puff of frost misses the jackal.
The puff of frost hits the jackal!
The jackal dies!
A kobold comes into view. It is wielding a +0 whip.
The jackal closely misses you. The orc wizard closely misses you.
You barely miss the orc wizard.
Your tail-slap misses the orc wizard.
The jackal bites you.
* * * LOW HITPOINT WARNING * * *
The orc wizard hits you but does no damage.
You hit the orc wizard.
Your tail-slap misses the orc wizard.
The jackal bites you.
* * * LOW HITPOINT WARNING * * *
The orc wizard looks encouraged for a moment.
The jackal barely misses you.
The orc wizard hits you with a +0 dagger.
* * * LOW HITPOINT WARNING * * *
You barely miss the orc wizard.
The orc wizard hits you but does no damage.
The jackal barely misses you.
The orc priest calls upon Beogh to heal the orc wizard.
The orc wizard is healed somewhat.
You closely miss the orc wizard.
Your tail-slap misses the orc wizard.
The orc wizard barely misses you. The jackal misses you.
The orc priest calls down the wrath of Beogh upon you.
Beogh smites you!
You die...

..# .># ..# ..# . ... ..
### #'# #.# .# ). .... #.#
.# ### ....... #.###.# ####
........######.##.. ....
..#...K.h@ooo#.##.# ####
#.#.########.#.##.## #.###
#.....o.# #.#.####
#..##.#.# #.#....#
#..#%)#.#
########.#.##.#####..#.##.#
............#.............#
########.############.#####
#...?....÷o.o..#


You could see an orc priest, 2 orc wizards, a jackal and a kobold.

Vanquished Creatures
  An adder (D:2)
  An ooze (D:1)
  5 bats
  3 giant cockroaches
  5 goblins
  5 hobgoblins
  2 jackals (D:2)
  5 kobolds
  3 frilled lizards (D:1)
  2 rats
32 creatures vanquished.

Vanquished Creatures (others)
  A jackal (D:2)
1 creature vanquished.

Grand Total: 33 creatures vanquished

Notes
Turn   | Place    | Note
-------+----------+-------------------------------------------
     0 | D:1      | DavidChitty2 the Draconian Conjurer began the quest for the
                  | Orb.
     0 | D:1      | Reached XP level 1. HP: 14/14 MP: 3/3
   274 | D:1      | Reached XP level 2. HP: 22/22 MP: 1/5
   559 | D:1      | Learned a level 2 spell: Searing Ray
   808 | D:1      | Reached skill level 1 in Fighting
  1222 | D:1      | Reached XP level 3. HP: 28/28 MP: 1/6
  1805 | D:2      | HP: 1/28 [orc wizard/+0 dagger (4)]
  1807 | D:2      | Killed from afar by an orc priest

Levels and vault maps discovered:
D:1:      dpeg_arrival_pond, layout_loops_cross
D:2:      layout_basic, first_ration, minmay_tetromino_l2

Skill      XL: |  1  2 |
---------------+-------+-----
Fighting       | 1 |  1.5
Dodging        | |  1.7
Stealth        | |  1.7
Spellcasting   | |  2.4
Conjurations   | |  4.7

Action                   || total
-------------------------++-------
Melee: Dagger            ||    30
       Tailslap          ||     1
 Cast: Magic Dart        ||    66
       Searing Ray       ||     1
  Use: Potion            ||     1
  Eat: Chunk             ||     3
Armor: Skin              ||    20
Dodge: Dodged            ||    35
